 Dungeon Crawl Stone Soup version 0.19.1 (webtiles) character file.

124 Nydiazath the Sneak (level 4, -1/21 HPs)
             Began as a Spriggan Enchanter on Dec 14, 2016.
             Slain by an ogre
             ... wielding a +0 giant spiked club
              (22 damage)
             ... on level 3 of the Dungeon.
             The game lasted 00:03:37 (1607 turns).

Nydiazath the Sneak (Spriggan Enchanter)            Turns: 1607, Time: 00:03:39

Health: -1/21      AC:  3    Str:  4    XL:     4   Next: 81%
Magic:  5/9        EV: 18    Int: 17    God:
Gold:   113        SH:  0    Dex: 16    Spells: 2 memorised, 5 levels left

rFire  . . .     SeeInvis +     a - +1 dagger
rCold  . . .     Gourm    .     b - +1 robe
rNeg   . . .     Faith    .     (shield restricted)
rPois  +         Spirit   .     (helmet restricted)
rElec  .         Reflect  .     (no cloak)
rCorr  .         Harm     .     (gloves unavailable)
MR     .....                    (boots unavailable)
Stlth  +++.......               (no amulet)
                                (no ring)
                                t - ring of poison resistance

@: very slightly contaminated, very quick
A: unfitting armour, see invisible, herbivore 3, speed 3, slow metabolism 2
a: no special abilities


You were on level 3 of the Dungeon.
You were not hungry.

You visited 1 branch of the dungeon, and saw 3 of its levels.

You collected 113 gold pieces.

Inventory:

Hand Weapons
 a - a +1 dagger (weapon)
Armour
 b - a +1 robe (worn)
Jewellery
 t - a ring of poison resistance (left hand)
Scrolls
 i - 2 scrolls of remove curse
 n - 3 scrolls of identify {unknown}
 o - a scroll of enchant armour {unknown}
 p - a scroll of magic mapping {unknown}
 q - a scroll of fog {unknown}
 r - a scroll of fear {unknown}
 s - a scroll of teleportation
Potions
 e - a potion of might {unknown}
 f - 3 potions of curing {unknown}
 g - a potion of haste {unknown}
 h - 2 potions of agility {unknown}
 j - a potion of ambrosia {unknown}
 l - 2 potions of flight {unknown}
Books
 c - a book of Maledictions

   Spells                             Type                      Level
   a - Corona                         Hexes                        1
   b - Ensorcelled Hibernation        Hexes/Ice                    2
   c - Confuse                        Hexes                        3
   d - Tukima's Dance                 Hexes                        3
   e - Dazzling Spray                 Conjuration/Hexes            3
Comestibles
 d - 4 bread rations
 m - 2 fruits


   Skills:
 + Level 3.7 Short Blades
 - Level 3.0 Dodging
 + Level 6.7 Stealth
 - Level 2.6 Spellcasting
 - Level 3.6 Hexes


You had 5 spell levels left.
You knew the following spells:

 Your Spells              Type           Power        Failure   Level  Hunger
a - Corona                Hex            ##.....      4%          1    #......
b - Ensorcelled Hibernat  Hex/Ice        #.....       17%         2    ##.....


Dungeon Overview and Level Annotations

Branches:
Dungeon (3/15)

Altars:
Elyvilon


Innate Abilities, Weirdness & Mutations

You are very small and have problems with some larger weapons.
You are too small for most types of armour.
You have supernaturally acute eyesight. (SInv)
You are a herbivore.
You cover ground extremely quickly.
You need consume almost no food.


Message History

Found a stone staircase leading down.
Casting: Ensorcelled Hibernation
Confirm with . or Enter, or press ? or * to list all spells.
Aiming: Ensorcelled Hibernation
Press: ? - help, Shift-Dir - straight line, f - ogre
Aim: an ogre, wielding a giant spiked club (hasn't noticed you, chance to defeat MR: 39%)
The ogre shouts!
The ogre resists with some effort.
You hear a shout!
Casting: Ensorcelled Hibernation
Confirm with . or Enter, or press ? or * to list all spells.
Aiming: Ensorcelled Hibernation
Press: ? - help, Shift-Dir - straight line, f/p - ogre
Aim: an ogre, wielding a giant spiked club (chance to defeat MR: 39%)
You miscast Ensorcelled Hibernation.
You are very lightly contaminated with residual magic.
Your hands glow momentarily.
The ogre hits you with a giant spiked club!!
Ouch! That really hurt!
You die...

.. ######### ##.
......... >#.
#....### .. # #
#.##.# #.###. .#
.....# ####### ....
.. .....#
#.....###O##.#
.....###........@..%#
..........##.#...#..#
....##...........# .#
....##.#.........# #
....##.#.........#
#.###".....#.#.### #.
#..##........ #.
#......#.####
#.####.#..


You could see an ogre.

Vanquished Creatures
  5 gnolls
  2 adders
  4 oozes
  A worm (D:2)
  A dart slug (D:1)
  2 leopard geckos (D:1)
  A giant cockroach (D:2)
  2 goblins
  5 hobgoblins
  6 bats
  4 frilled lizards
  6 kobolds
  2 rats (D:2)
41 creatures vanquished.

Vanquished Creatures (others)
  A quokka (D:2)
1 creature vanquished.

Grand Total: 42 creatures vanquished

Notes
Turn   | Place    | Note
-------+----------+-------------------------------------------
     0 | D:1      | Nydiazath the Spriggan Enchanter began the quest for the Orb.
     0 | D:1      | Reached XP level 1. HP: 9/9 MP: 5/5
    29 | D:1      | Reached XP level 2. HP: 13/13 MP: 6/6
    33 | D:1      | Learned a level 2 spell: Ensorcelled Hibernation
    75 | D:1      | You fall through a shaft!
   105 | D:2      | Found a white marble altar of Elyvilon.
   121 | D:2      | Reached skill level 5 in Stealth
   240 | D:2      | Reached XP level 3. HP: 16/16 MP: 8/8
   351 | D:1      | Reached skill level 6 in Stealth
   497 | D:1      | Reached XP level 4. HP: 21/21 MP: 7/9
  1595 | D:3      | Noticed an ogre
  1607 | D:3      | Slain by an ogre

Skill      XL: |  1  2  3 |
---------------+----------+-----
Short Blades   | 2 3 |  3.7
Stealth        | 5 6 |  6.7
Dodging        | |  3.0
Spellcasting   | |  2.6
Hexes          | |  3.6

Action                   |  1- 3 |  4- 6 || total
-------------------------+-------+-------++-------
Melee: Dagger            |    33 |    68 ||   101
 Cast: Ensorcelled Hiber |     6 |    13 ||    19
  Use: Scroll            |       |     3 ||     3
 Stab: Sleeping          |    15 |    13 ||    28
       Distracted        |       |     1 ||     1
Armor: Robe              |     4 |     9 ||    13
Dodge: Dodged            |    14 |    46 ||    60
